 Dungeon Crawl Stone Soup version 0.20-a0-208-g55166f7 (webtiles) character file.

14835 kroki the Destroyer (level 11, -25/73 HPs)
             Began as a Deep Elf Conjurer on Nov 25, 2016.
             Was a High Priest of Vehumet.
             Killed from afar by a frost giant (39 damage)
             ... with a bolt of cold
             ... in an ice cave.
             The game lasted 00:33:15 (19192 turns).

kroki the Destroyer (Deep Elf Conjurer)            Turns: 19192, Time: 00:33:16

Health: -25/73     AC:  9    Str:  5    XL:     11   Next: 93%
Magic:  19/30      EV: 19    Int: 24    God:    Vehumet [*****.]
Gold:   771        SH:  0    Dex: 18    Spells: 3/21 levels left

rFire  + + .     SeeInvis .     P - +7 falchion of Faxopt {slice, rF++ rN+ Dex+3}
rCold  . . .     Gourm    .     I - +0 leather armour (curse)
rNeg   + . .     Faith    .     (no shield)
rPois  .         Spirit   .     q - +2 hat
rElec  .         Reflect  .     d - +2 cloak
rCorr  .         Harm     .     C - +0 pair of gloves
MR     +....                    (no boots)
Stlth  ++........               (no amulet)
                                J - ring of magical power {MP+9}
                                p - +2 ring of evasion

@: no status effects
A: robust 1
a: Renounce Religion


You were in an ice cave.
You worshipped Vehumet.
Vehumet was extremely pleased with you.
You were not hungry.

You visited 2 branches of the dungeon, and saw 11 of its levels.
You also visited: Sewer, Bailey and Ice Cave.

You collected 771 gold pieces.

Inventory:

Hand Weapons
 e - a +0 club
   (You took it off a hobgoblin on level 1 of the Dungeon)
 h - a +0 hunting sling
   (You found it on level 1 of the Dungeon)
 y - a +2 long sword of draining
   (You found it on level 8 of the Dungeon)
 z - a +1 flail of draining
   (You took it off an orc on level 4 of the Dungeon)
 M - a +0 quarterstaff of freezing
   (You took it off Fannar on level 1 of the Lair of Beasts)
 P - the +7 falchion of Faxopt (weapon) {slice, rF++ rN+ Dex+3}
   (You found it on level 10 of the Dungeon)

   It inflicts extra damage upon your enemies.
   It affects your dexterity (+3).
   It greatly protects you from fire.
   It protects you from negative energy.
Armour
 d - a +2 cloak (worn)
   (You found it on level 1 of the Dungeon)
 q - a +2 hat (worn)
   (You found it on level 4 of the Dungeon)
 t - the +0 shield of Disaster {Dex+5}
   (You found it on level 9 of the Dungeon)

   It affects your dexterity (+5).
 C - a +0 pair of gloves (worn)
   (You found it on level 9 of the Dungeon)
 I - a cursed +0 leather armour (worn)
   (You took it off a goblin in a bailey)
 U - a +2 robe of cold resistance
   (You took it off Fannar on level 1 of the Lair of Beasts)
Jewellery
 p - a +2 ring of evasion (left hand)
   (You found it on level 2 of the Dungeon)
 u - a +2 ring of slaying
   (You found it on level 2 of the Dungeon)
 B - an uncursed ring of flight {+Fly, !d}
   (You found it on level 5 of the Dungeon)
 H - a +4 ring of strength
   (You took it off an orc on level 6 of the Dungeon)
 J - a ring of magical power (right hand) {MP+9}
   (You found it on level 8 of the Dungeon)
 K - an uncursed ring of ice {rC+, rF-}
   (You took it off Fannar on level 1 of the Lair of Beasts)
Wands
 j - a wand of lightning (9/15)
   (You found it on level 8 of the Dungeon)
 v - a wand of polymorph (5/24)
   (You found it on level 8 of the Dungeon)
 E - a wand of lightning (0/15)
   (You found it on level 6 of the Dungeon)
 O - a wand of confusion (9/48)
   (You found it on level 9 of the Dungeon)
Scrolls
 a - 5 scrolls of recharging
 i - a scroll of enchant weapon
 F - 2 scrolls of enchant armour
Potions
 g - 8 potions of flight
 k - 6 potions of heal wounds
 l - a potion of brilliance
 m - 2 potions of might
 n - 3 potions of agility
 o - 3 potions of cure mutation {!q}
 r - 3 potions of berserk rage {!q}
 s - a potion of haste
 w - a potion of curing
 A - 2 potions of lignification {!q}
 L - a potion of mutation {!q}
 Q - 3 potions of ambrosia
 R - a potion of resistance
 S - a potion of cancellation
 V - a potion of invisibility
Books
 b - a book of Conjurations
 x - a book of Power
   (You found it in a sewer)
 N - a book of Flames
   (You found it on level 9 of the Dungeon)
 T - a book of Geomancy
   (You found it on level 10 of the Dungeon)
Comestibles
 c - 8 bread rations {@e1}
 f - 4 fruits
 G - 4 meat rations {@e2}


   Skills:
 - Level 7.6 Fighting
 - Level 2.0 Long Blades
 - Level 9.0 Dodging
 - Level 2.5 Stealth
 - Level 5.8 Spellcasting
 + Level 14.7 Conjurations
 - Level 9.2 Charms


You had 3 spell levels left.
You knew the following spells:

 Your Spells              Type           Power        Failure   Level  Hunger
a - Magic Dart            Conj           ####         1%          1    None
b - Searing Ray           Conj           ######       1%          2    None
c - Dazzling Spray        Conj/Hex       #####.       1%          3    #......
d - Orb of Destruction    Conj           ######....   9%          7    #######
z - Iskenderun's Battles  Conj/Chrm      ######..     1%          5    #####..


Dungeon Overview and Level Annotations

Branches:
Dungeon (10/15)            Temple (0/1) D:6            Lair (1/6) D:10
    Orc (0/2) D:9

Altars:
Ashenzari
Cheibriados
Dithmenos
Elyvilon
Fedhas
Gozag
Makhleb
Nemelex Xobeh
Okawaru
Uskayaw
Vehumet
Xom
Yredelemnul
The Shining One
Beogh

Annotations:
Lair:1 exclusion: oklob plant


Innate Abilities, Weirdness & Mutations

You are robust. (+10% HP)


Message History

3 wolves, 2 yaks and a frost giant come into view.
The frost giant is wielding a battleaxe of freezing.
The frost giant shouts!
The wolf howls!
The yak bellows!
The wolf moves out of view. x2; The yak moves out of view.
Aim: a yak (hasn't noticed you)
The magic dart hits the yak.
The wolf howls! 2 yaks come into view.
Health restored: 73 You regained 10 mp, and now have 29/30 mp.
MP restored: 30
Okay, then.
Aim: a frost giant, wielding a battleaxe of freezing You hear a mighty clap of thunder!
The bolt of lightning hits the frost giant.
Evoking this partially-identified wand wasted a few charges.
You hear a bellow! x2; You hear a howl!
Aim: a wolf You hear a mighty clap of thunder!
The bolt of lightning hits the yak.
The bolt of lightning misses the wolf.
The bolt of lightning hits the frost giant.
The bolt of lightning misses the wolf.
Evoking this partially-identified wand wasted a few charges.
You hear a bellow!
You hear a howl!
Aim: a wolf You hear a mighty clap of thunder!
The bolt of lightning hits the yak.
The bolt of lightning hits the frost giant.
The bolt of lightning hits the wolf.
Evoking this partially-identified wand wasted a few charges.
The wolf misses you. The yak misses you. The wolf closely misses you.
Okay, then.
The wolf pauses to sniff the ground.
The wolf barely misses you. The wolf barely misses you.
You riposte.
You completely miss the wolf.
The yak snorts and paws the ground.
The wolf barely misses you.
You riposte.
You slash the wolf! The wolf misses you.
Aim: a wolf (heavily wounded)
The spray of energy hits the wolf.
You kill the wolf!
Vehumet accepts your kill.
You feel your power returning.
The spray of energy hits the wolf.
You kill the wolf!
Vehumet accepts your kill.
You feel your power returning. The yak closely misses you.
Unknown command.
The frost giant gestures at you while chanting.
The bolt of cold misses you.
You see here a polar bear skeleton.
You conjure a globe of magical energy.
The yak gores your battlesphere!
The yak snorts and paws the ground.
You now have 25/30 mp.
Unknown command.
Aim: a frost giant, wielding a battleaxe of freezing The searing ray hits the yak.
Your battlesphere fires!
The barrage of energy hits the yak.
You now have 23/30 mp.
The searing ray hits the yak.
You kill the yak!
Vehumet accepts your kill.
You feel your power returning.
Your battlesphere fires!
The searing ray hits the frost giant.
Your battlesphere fires!
The barrage of energy hits the yak.
The frost giant gestures at you while chanting.
The bolt of cold hits you!
You take 34 damage, and have 39/73 hp.
MASSIVE DAMAGE!!
Aim: a frost giant, wielding a battleaxe of freezing (lightly wounded)
The searing ray hits the frost giant.
Your battlesphere fires!
The barrage of energy hits the frost giant.
The frost giant casts a spell at you. The bolt of cold misses you.
The bolt of cold hits your battlesphere.
Your battlesphere resists.
You now have 21/30 mp.
The searing ray hits the frost giant.
Your battlesphere fires!
The barrage of energy hits the frost giant.
The yak gores you!
The frost giant hits you with a battleaxe of freezing.
The frost giant freezes you.
You take 16 damage, and have 24/73 hp.
MASSIVE DAMAGE!!
You now have 20/30 mp.
The searing ray hits the frost giant.
Your battlesphere fires!
The barrage of energy hits the yak.
Your battlesphere expends the last of its energy and dissipates.
The yak gores you!
* * * LOW HITPOINT WARNING * * *
The frost giant casts a spell at you. The bolt of cold hits you!
Ouch! That really hurt!
You die...

#..# ##..# ##...# ##...##
#### ##....# ### ##..## ####
#.....# #.##
##....#####§.####....###..#
#.......##..Y.##....###...##
#.∩.∩......@C.......##.....#
#..........###......##...Y..
##....##..## ###...#.....##.
##..###### ##........###
#### #........## #
##.......# # ##.....## #
##....# # ##..##


You could see a frost giant and a yak.

Vanquished Creatures
  Fannar (Lair:1)
  An orc knight (Bailey)
  Joseph (D:8)
  A centaur zombie (D:10)
  An ice statue (IceCv)
  A spiny frog (Lair:1)
  15 polar bears (IceCv)
  A hornet (D:10)
  3 hippogriffs
  Grinder (D:6)
  2 two-headed ogres
  A spriggan (D:9)
  A wraith (D:10)
  6 yaks (IceCv)
  A hungry ghost (D:8)
  Menkaure (D:6)
  Edmund (D:6)
  A water moccasin (D:6)
  7 orc warriors
  Purgy (Sewer)
  3 ice beasts
  3 sky beasts
  A black bear (D:10)
  8 wolves (IceCv)
  6 ogres
  A crocodile (Lair:1)
  2 centaurs
  A big kobold (D:8)
  10 bullfrogs
  3 scorpions
  6 killer bees (D:9)
  3 wights (D:10)
  3 howler monkeys
  5 jellies
  2 bullfrog zombies
  7 crimson imps
  5 orc priests
  3 hounds
  14 orc wizards
  2 centaur skeletons
  Jessica (D:2)
  Ijyb (D:2)
  Natasha (thrice) (D:2)
  4 iguanas
  12 worker ants
  A statue (D:5)
  A hound zombie (D:7)
  A hound skeleton (D:8)
  A howler monkey zombie (D:9)
  2 worker ant zombies
  11 gnolls
  13 adders
  2 river rats (D:4)
  2 shadow imps
  12 white imps
  An ufetubus (Lair:1)
  2 adder zombies
  An ooze (D:6)
  3 worms
  A dart slug (D:1)
  6 leopard geckos
  69 orcs
  10 giant cockroaches
  16 hobgoblins
  12 jackals
  7 quokkas
  3 ball pythons
  A ball python zombie (D:6)
  11 bats
  11 frilled lizards
  35 goblins
  A goblin skeleton (D:7)
  A goblin zombie (D:7)
  3 hobgoblin zombies (D:7)
  17 kobolds
  A kobold skeleton (D:7)
  A kobold zombie (D:7)
  2 orc skeletons (D:7)
  2 quokka skeletons
  2 quokka zombies
  14 rats
436 creatures vanquished.

Notes
Turn   | Place    | Note
-------+----------+-------------------------------------------
     0 | D:1      | kroki the Deep Elf Conjurer began the quest for the Orb.
     0 | D:1      | Reached XP level 1. HP: 10/10 MP: 6/6
   230 | D:1      | Reached XP level 2. HP: 15/15 MP: 6/8
   412 | D:1      | Reached skill level 5 in Conjurations
   822 | D:1      | Reached XP level 3. HP: 19/19 MP: 4/9
  1353 | D:1      | Learned a level 2 spell: Searing Ray
  1563 | D:2      | Noticed Ijyb
  1567 | D:2      | Killed Ijyb
  1567 | D:2      | Reached skill level 6 in Conjurations
  1567 | D:2      | Reached XP level 4. HP: 24/24 MP: 5/10
  1576 | D:2      | Learned a level 3 spell: Dazzling Spray
  1726 | D:2      | Noticed Jessica
  1780 | D:2      | Found a shattered altar of Ashenzari.
  1811 | D:2      | Noticed Natasha
  1993 | D:2      | Killed Jessica
  2406 | D:2      | Killed Natasha
  2406 | D:2      | Reached skill level 7 in Conjurations
  2406 | D:2      | Reached XP level 5. HP: 22/28 MP: 4/11
  3044 | D:2      | Noticed Natasha
  3046 | D:2      | Killed Natasha
  3051 | D:2      | Noticed Natasha
  3060 | D:2      | Killed Natasha
  3249 | D:3      | Found a blossoming altar of Fedhas.
  3515 | D:3      | Reached skill level 8 in Conjurations
  3515 | D:3      | Reached XP level 6. HP: 32/32 MP: 8/12
  3809 | D:3      | HP: 6/32 [orc/flail (7)]
  4096 | D:3      | Found an opulent altar of Gozag.
  4373 | D:4      | Found a glowing drain.
  4461 | Sewer    | Entered a sewer
  4607 | Sewer    | Noticed Purgy
  4617 | Sewer    | Killed Purgy
  4792 | Sewer    | Learned a level 5 spell: Iskenderun's Battlesphere
  4877 | D:4      | Reached skill level 1 in Charms
  4898 | D:4      | Reached skill level 2 in Charms
  5062 | D:4      | Reached skill level 3 in Charms
  5062 | D:4      | Reached XP level 7. HP: 36/36 MP: 9/13
  5158 | D:4      | Reached skill level 4 in Charms
  5433 | D:4      | Reached skill level 5 in Charms
  5663 | D:4      | Reached skill level 6 in Charms
  6061 | D:5      | Entered Level 5 of the Dungeon
  6131 | D:5      | Reached skill level 9 in Conjurations
  6131 | D:5      | Reached skill level 7 in Charms
  6219 | D:5      | Found a burning altar of Makhleb.
  6549 | D:5      | Reached XP level 8. HP: 41/41 MP: 5/14
  6580 | D:5      | Reached skill level 8 in Charms
  7099 | D:5      | Reached skill level 9 in Charms
  7177 | D:5      | Reached skill level 10 in Conjurations
  7271 | D:5      | Found a radiant altar of Vehumet.
  7282 | D:5      | Became a worshipper of Vehumet
  7621 | D:5      | Reached skill level 1 in Fighting
  8420 | D:6      | Noticed Menkaure
  8424 | D:6      | Killed Menkaure
  8424 | D:6      | Reached skill level 2 in Fighting
  8424 | D:6      | Reached skill level 4 in Spellcasting
  8424 | D:6      | Reached XP level 9. HP: 25/48 MP: 7/17
  8583 | D:6      | Reached * piety under Vehumet
  8583 | D:6      | Offered knowledge of Sandblast by Vehumet.
  8742 | D:6      | Found a white marble altar of Elyvilon.
  8801 | D:6      | Noticed Grinder
  8816 | D:6      | Killed Grinder
  8819 | D:6      | Reached skill level 3 in Fighting
  8819 | D:6      | Reached skill level 11 in Conjurations
  9088 | D:6      | Noticed Edmund
  9096 | D:6      | Killed Edmund
  9208 | D:6      | Reached skill level 5 in Spellcasting
  9403 | D:6      | Found a staircase to the Ecumenical Temple.
  9655 | D:6      | Found a sparkling altar of Nemelex Xobeh.
 10091 | D:7      | Found a shimmering altar of Xom.
 10091 | D:7      | Found a snail-covered altar of Cheibriados.
 10389 | D:7      | Reached skill level 4 in Fighting
 10445 | D:7      | Reached ** piety under Vehumet
 10495 | D:7      | Offered knowledge of Throw Flame by Vehumet.
 10730 | D:7      | Found a glowing golden altar of the Shining One.
 11795 | D:7      | Found a basalt altar of Yredelemnul.
 11965 | D:8      | Found a hide-covered altar of Uskayaw.
 12041 | D:8      | Reached skill level 5 in Fighting
 12041 | D:8      | Reached skill level 3 in Dodging
 12098 | D:8      | Reached XP level 10. HP: 48/59 MP: 13/20
 12128 | D:8      | Found a flagged portal.
 12148 | Bailey   | Entered a bailey
 12175 | Bailey   | Offered knowledge of Static Discharge by Vehumet.
 12281 | Bailey   | Reached *** piety under Vehumet
 12382 | Bailey   | Reached skill level 12 in Conjurations
 12713 | Bailey   | Offered knowledge of Olgreb's Toxic Radiance by Vehumet.
 13009 | Bailey   | Noticed an orc knight
 13018 | Bailey   | Killed an orc knight
 13018 | Bailey   | Reached skill level 4 in Dodging
 13201 | Bailey   | Noticed an orc warlord
 13227 | Bailey   | Noticed an orc knight
 13283 | Bailey   | Reached **** piety under Vehumet
 13331 | Bailey   | Learned a level 7 spell: Orb of Destruction
 13356 | Bailey   | Gained mutation: You are robust. (+10% HP) [potion of beneficial mutation]
 13804 | D:8      | Noticed Joseph
 13816 | D:8      | Killed Joseph
 13816 | D:8      | Reached skill level 5 in Dodging
 14020 | D:8      | Found an iron altar of Okawaru.
 14352 | D:9      | Offered knowledge of Airstrike by Vehumet.
 14352 | D:9      | Reached skill level 6 in Fighting
 14633 | D:9      | Got a fine shield
 14635 | D:9      | Found a shimmering altar of Xom.
 14654 | D:9      | Found a shadowy altar of Dithmenos.
 14715 | D:9      | Found a staircase to the Orcish Mines.
 14768 | D:9      | Identified the +0 shield of Disaster {Dex+5} (You found it on level 9 of the Dungeon)
 14960 | D:9      | Reached skill level 6 in Dodging
 15107 | D:9      | Found a roughly hewn altar of Beogh.
 15725 | D:10     | Entered Level 10 of the Dungeon
 16024 | D:10     | Reached skill level 7 in Dodging
 16135 | D:10     | Reached skill level 13 in Conjurations
 16145 | D:10     | Reached XP level 11. HP: 70/72 MP: 20/21
 16456 | D:10     | Found a staircase to the Lair.
 16932 | D:10     | Got a shimmering falchion
 16933 | D:10     | Identified the +7 falchion of Faxopt {slice, rF++ rN+ Dex+3} (You found it on level 10 of the Dungeon)
 17174 | Lair:1   | Entered Level 1 of the Lair of Beasts
 17191 | Lair:1   | Noticed an oklob plant
 17240 | Lair:1   | Noticed Fannar
 17254 | Lair:1   | Killed Fannar
 17254 | Lair:1   | Reached skill level 7 in Fighting
 17254 | Lair:1   | Reached skill level 8 in Dodging
 17299 | Lair:1   | HP: 14/73 [white imp/puff of frost (8)]
 17306 | Lair:1   | Found a frozen archway.
 17316 | Lair:1   | HP: 15/73 [hippogriff (3)]
 17318 | Lair:1   | Reached skill level 1 in Long Blades
 17377 | IceCv    | Entered an ice cave
 17384 | IceCv    | Reached ***** piety under Vehumet
 17756 | IceCv    | Offered knowledge of Lightning Bolt by Vehumet.
 18008 | IceCv    | Reached skill level 2 in Long Blades
 18013 | IceCv    | Reached skill level 9 in Dodging
 18605 | IceCv    | Reached skill level 14 in Conjurations
 19127 | IceCv    | Noticed a frost giant
 19192 | IceCv    | HP: 14/73 [yak (10)]
 19192 | IceCv    | Killed from afar by a frost giant

Vault maps used:
D:1:      dpeg_arrival_shelter
D:2:      nicolae_ashenzari_panopticon, minmay_misc_feat_x, uniq_iyjb,
          uniq_jessica, uniq_natasha
D:3:      lemuel_doored_altar, first_bread, kennysheep_crisscross,
          fedhas_altar_1
D:4:      portal_sewer_entry_b
D:5:      vehumet_statue, makhleb_blood_cavern_becter,
          kennysheep_opposing_triangles
D:6:      elyvilon_altar_1, nemelex_xobeh_ov_fountains_minmay, uniq_grinder,
          uniq_menkaure, uniq_edmund
D:7:      gammafunk_temple_overflow_claw, nicolae_tso_besieged_by_evil
D:8:      okawaru_metal_pillars_1_2, eat_drink_and_be_merry_uskayaw,
          enter_bailey_3, uniq_joseph
D:9:      nicolae_dithmenos_through_a_glass_darkly,
          minmay_orc_entry_temple_small, basic_altar, the_bakery
D:10:     lair_entry_dummy
Lair:1:   portal_ice_cave_entry_imps, lab_entry_generic,
          minmay_lair_oklob_bushes, serial_bayou_lagoon_a,
          infiniplex_staircase_pool, uniq_fannar, uniq_harold
Sewer:    kennysheep_door_sewer
Bailey:   bailey_axe_minmay_hex_keep, bailey
IceCv:    ice_cave_small_giant

Skill      XL: |  1  2  3  4  5  6  7  8  9 10 11 |
---------------+----------------------------------+-----
Conjurations   | 5 6 7 8 9 10 11 13 14 | 14.7
Charms         | 3 7 9 |  9.2
Fighting       | 2 5 6 7 |  7.6
Spellcasting   | 4 5 |  5.8
Dodging        | 3 7 9 |  9.0
Long Blades    | 2 |  2.0
Stealth        | |  2.5

Action                   |  1- 3 |  4- 6 |  7- 9 | 10-12 || total
-------------------------+-------+-------+-------+-------++-------
Melee: Unarmed           |     2 |       |       |       ||     2
       Club              |     2 |       |       |       ||     2
       Hand axe          |       |    13 |       |       ||    13
       Long sword        |       |    16 |       |    16 ||    32
       Flail             |       |       |    59 |     5 ||    64
       Falchion          |       |       |       |    13 ||    13
 Cast: Magic Dart        |    79 |   142 |   302 |   366 ||   889
       Searing Ray       |     1 |    12 |    27 |    31 ||    71
       Iskenderun's Batt |       |       |    29 |    52 ||    81
       Orb of Destructio |       |       |       |     6 ||     6
       Dazzling Spray    |       |       |       |    21 ||    21
Evoke: Wand              |       |       |       |    10 ||    10
  Use: Scroll            |     5 |     7 |     6 |    12 ||    30
       Potion            |       |     1 |     1 |     8 ||    10
 Stab: Invisible         |       |       |       |     1 ||     1
  Eat: Chunk             |     2 |    11 |    20 |    21 ||    54
       Meat ration       |       |       |     1 |     2 ||     3
       Beef jerky        |       |       |     1 |     2 ||     3
       Pizza             |       |       |     1 |     1 ||     2
       Royal jelly       |       |       |     1 |       ||     1
       Bread ration      |       |       |       |     1 ||     1
       Fruit             |       |       |       |     1 ||     1
Armor: Robe              |     1 |       |       |       ||     1
       Leather armour    |     2 |    37 |    69 |    47 ||   155
       Skin              |       |       |       |    12 ||    12
Dodge: Dodged            |    15 |    75 |   115 |   204 ||   409
       Rpst.: Long sword |       |    11 |     2 |    28 ||    41
       Falchion          |       |       |       |    25 ||    25

Vault maps used:
D:1:      dpeg_arrival_shelter
D:2:      nicolae_ashenzari_panopticon, minmay_misc_feat_x, uniq_iyjb,
          uniq_jessica, uniq_natasha
D:3:      lemuel_doored_altar, first_bread, kennysheep_crisscross,
          fedhas_altar_1
D:4:      portal_sewer_entry_b
D:5:      vehumet_statue, makhleb_blood_cavern_becter,
          kennysheep_opposing_triangles
D:6:      elyvilon_altar_1, nemelex_xobeh_ov_fountains_minmay, uniq_grinder,
          uniq_menkaure, uniq_edmund
D:7:      gammafunk_temple_overflow_claw, nicolae_tso_besieged_by_evil
D:8:      okawaru_metal_pillars_1_2, eat_drink_and_be_merry_uskayaw,
          enter_bailey_3, uniq_joseph
D:9:      nicolae_dithmenos_through_a_glass_darkly,
          minmay_orc_entry_temple_small, basic_altar, the_bakery
D:10:     lair_entry_dummy
Lair:1:   portal_ice_cave_entry_imps, lab_entry_generic,
          minmay_lair_oklob_bushes, serial_bayou_lagoon_a,
          infiniplex_staircase_pool, uniq_fannar, uniq_harold
Sewer:    kennysheep_door_sewer
Bailey:   bailey_axe_minmay_hex_keep, bailey
IceCv:    ice_cave_small_giant

Table legend:
 A = Turns spent in this place as a percentage of turns spent in the entire game.
 B = Non-inter-level travel turns spent in this place as a percentage of non-inter-level travel turns spent in the entire game.
 C = Inter-level travel turns spent in this place as a percentage of turns spent in this place.
 D = Turns resting spent in this place as a percentage of non-inter-level travel turns spent in this place.
 E = Turns spent auto-exploring this place as a percentage of non-inter-level travel turns spent in this place.
 F = Non-inter-level travel turns spent in this place divided by the number of levels of this place that you've seen.
                   A       B       C       D       E      F
               +-------+-------+-------+-------+-------+----------------------
         Total | 100.0 | 100.0 |   0.5 |   1.5 |  11.8 | 329.9
       Dungeon |  72.3 |  72.2 |   0.7 |   0.9 |  13.9 | 333.5
          Lair |   4.2 |   4.2 |   0.0 |   4.1 |   0.0 | 195.0
         Sewer |   0.9 |   0.9 |   0.0 |   0.0 |  27.9 |  43.0
        Bailey |  12.1 |  12.1 |   0.0 |   1.4 |   9.6 | 561.0
      Ice Cave |  10.4 |  10.5 |   0.0 |   4.5 |   3.1 | 485.0
               +-------+-------+-------+-------+-------+----------------------

Table legend:
 A = Kills in this place as a percentage of kills in entire the game.
 B = Kills by you in this place as a percentage of kills by you in the entire game.
 C = Kills by friends in this place as a percentage of kills by friends in the entire game.
 D = Other kills in this place as a percentage of other kills in the entire game.
 E = Experience gained in this place as a percentage of experience gained in the entire game.
 F = Experience gained in this place divided by the number of levels of this place that you have seen.
                   A       B       C       D       E      F
               +-------+-------+-------+-------+-------+----------------------
         Total | 100.0 | 100.0 |  -nan |  -nan | 100.0 | 1513.9
       Dungeon |  73.4 |  73.4 |  -nan |  -nan |  49.6 | 1050.2
          Lair |   4.1 |   4.1 |  -nan |  -nan |   9.6 | 2040.0
         Sewer |   1.4 |   1.4 |  -nan |  -nan |   0.7 | 142.0
        Bailey |  14.2 |  14.2 |  -nan |  -nan |   7.6 | 1603.0
      Ice Cave |   6.9 |   6.9 |  -nan |  -nan |  32.6 | 6907.0
               +-------+-------+-------+-------+-------+----------------------
